[Event "Titled Tuesday Blitz April 18 Late 2023"]
[White "Blomqvist, Erik"]
[Black "Cigan, Jason"]
[WhiteFideId "1709437"]
[BlackFideId "2064022"]
[WhiteElo "2436"]
[BlackElo "2000"]
[Result "0-1"]
[Round "01"]
[TimeControl "180+2"]
[Date "2023.04.18"]
[WhiteClock "0:00:02"]
[BlackClock "0:00:04"]

1. Nf3 d5 2. d4 Nf6 3. Bf4 c5 4. e3 Nc6 5. Nbd2 Qb6 6. dxc5 Qxb2 7. Rb1 Qc3 8. Bb5 g6 9. e4 Bg7 10. Be5 Qxc5 11. Bd4 Qa3 12. exd5 a6 13. Nc4 Qxa2 14. Ra1 axb5 15. Nb6 Nxd4 16. Rxa2 Nxf3+ 17. gxf3 Rxa2 18. Nxc8 Nxd5 19. Qxd5 Ra1+ 20. Ke2 Rxh1 21. Qxb5+ Kf8 22. Qxb7 Bf6 23. f4 Rxh2 24. Nb6 Bh4 25. Nd5 Rxf2+ 26. Kd3 Kg7 27. Qb2+ Bf6 28. Qb6 Rf3+ 29. Ke4 Rh3 30. c4 Rc8 31. Qa6 Rb8 32. Qa7 Rbb3 33. c5 Rbd3 34. c6 Bd4 35. Qa2 f5# 0-1


[Site "https://www.chess.com"]

[Event "Titled Tuesday Blitz April 18 Late 2023"]
[White "Broca Jimenez, Fernando"]
[Black "MKlose11"]
[WhiteFideId "5104742"]
[WhiteElo "2062"]
[BlackElo "2574"]
[Result "0-1"]
[Round "01"]
[TimeControl "180+2"]
[Date "2023.04.18"]
[WhiteClock "0:00:05"]
[BlackClock "0:00:18"]

1. e4 e6 2. d4 d5 3. exd5 exd5 4. Bd3 Nf6 5. Nf3 c5 6. c3 Nc6 7. O-O Be7 8. Bg5 O-O 9. Re1 Bg4 10. dxc5 Bxc5 11. Nbd2 Qb6 12. Bh4 Rae8 13. Qc2 h6 14. Nb3 Bxf3 15. gxf3 Ne5 16. Be2 Nh5 17. Nxc5 Qxc5 18. Bg3 f5 19. Bxe5 Rxe5 20. f4 Nxf4 21. Bf3 Rfe8 22. Rxe5 Rxe5 23. Rd1 Qd6 24. Qd2 Qg6+ 25. Kh1 Nh3 26. Bxd5+ Kh7 27. Bg2 Qh5 28. Re1 Rxe1+ 29. Qxe1 Qh4 30. Bxh3 Qxh3 31. Qb1 b6 32. a4 Kg6 33. Kg1 Qg4+ 34. Kf1 Qxa4 35. b4 Qb5+ 36. Kg1 Qc4 37. Qe1 a5 38. bxa5 bxa5 39. Kg2 Qe4+ 40. Kf1 Qxe1+ 41. Kxe1 Kf6 42. Ke2 Ke5 43. Kd3 Kd5 44. c4+ Kc5 45. Kc3 g5 46. h3 a4 47. f3 f4 0-1


[Site "https://www.chess.com"]

[Event "Titled Tuesday Blitz April 18 Late 2023"]
[White "Loiacono, Antonio"]
[Black "Prithu Gupta"]
[WhiteFideId "895415"]
[BlackFideId "46618546"]
[WhiteElo "2257"]
[BlackElo "2344"]
[Result "1-0"]
[Round "01"]
[TimeControl "180+2"]
[Date "2023.04.18"]
[WhiteClock "0:00:41"]
[BlackClock "0:00:03"]

1. e4 e5 2. Nf3 Nc6 3. Nc3 Nf6 4. Bb5 d6 5. d4 Bd7 6. d5 Ne7 7. Bxd7+ Qxd7 8. O-O c6 9. dxc6 bxc6 10. Qe2 Ng6 11. g3 Be7 12. b3 h5 13. Bg5 h4 14. Kg2 hxg3 15. fxg3 Qh3+ 16. Kg1 O-O 17. Rad1 d5 18. Bxf6 gxf6 19. exd5 Bc5+ 20. Kh1 cxd5 21. Nxd5 Kg7 22. Nxf6 Rh8 23. Ne4 Be7 24. Nfg5 Bxg5 25. Nxg5 Qxg3 26. Rxf7+ Kg8 27. Rg1 Qc3 28. Rf6 Nf4 1-0


[Site "https://www.chess.com"]

[Event "Titled Tuesday Blitz April 18 Late 2023"]
[White "ayme97"]
[Black "Perske, Thore"]
[BlackFideId "12902195"]
[WhiteElo "2197"]
[BlackElo "2336"]
[Result "0-1"]
[Round "01"]
[TimeControl "180+2"]
[Date "2023.04.18"]
[WhiteClock "0:00:03"]
[BlackClock "0:00:08"]

1. d4 d5 2. c4 c6 3. Nc3 Nf6 4. Nf3 dxc4 5. a4 Bf5 6. a5 Nbd7 7. e3 e6 8. Qa4 c5 9. Bxc4 cxd4 10. exd4 Be7 11. O-O O-O 12. Bf4 Rc8 13. Rfe1 h6 14. h3 Re8 15. Rac1 Nf8 16. Bb5 N8d7 17. Ne5 Nxe5 18. dxe5 Nh5 19. Red1 Nxf4 20. Rxd8 Rexd8 21. Qxf4 Bg5 22. Qb4 Bxc1 23. Bf1 Rd7 24. Nb5 Rd1 25. Nd6 Rc2 26. Nxf5 exf5 27. Qb3 Rcd2 28. Qxb7 Bxb2 29. Qc8+ Kh7 30. Qxf5+ Kg8 31. Qc8+ Rd8 32. Qb7 Rb1 33. Qc7 Rbd1 34. Qb7 Bxe5 35. Qb5 Bf6 36. g3 Ra1 37. Kg2 Rd2 38. Qe8+ Kh7 39. Bd3+ Rxd3 40. Qe4+ Kg8 41. Qxd3 Rxa5 42. Qd7 g6 43. Qd6 Kg7 44. Qd2 Ra1 45. h4 a5 46. f4 a4 47. h5 a3 48. hxg6 Kxg6 49. Qd3+ Kg7 50. Qf5 a2 0-1


[Site "https://www.chess.com"]

[Event "Titled Tuesday Blitz April 18 Late 2023"]
[White "Melikyan, Gnel"]
[Black "ChessSG1"]
[WhiteFideId "54109990"]
[WhiteElo "2138"]
[BlackElo "2195"]
[Result "1-0"]
[Round "01"]
[TimeControl "180+2"]
[Date "2023.04.18"]
[WhiteClock "0:00:15"]
[BlackClock "0:00:22"]

1. d4 Nf6 2. c4 e6 3. Nc3 c5 4. Nf3 cxd4 5. Nxd4 Nc6 6. g3 Qb6 7. Nc2 Bc5 8. e3 O-O 9. a3 Be7 10. b4 d6 11. Bb2 a6 12. Bg2 Ne5 13. Qe2 Qc7 14. Bf1 b5 15. cxb5 Bb7 16. e4 axb5 17. f4 Nc4 18. Nxb5 Qb6 19. Qxc4 Bxe4 20. Bxf6 Bxf6 21. Qxe4 Bxa1 22. Bd3 f5 23. Qxe6+ Kh8 24. Nxd6 Rfe8 25. Qxe8+ Rxe8+ 26. Nxe8 Qe6+ 27. Kd2 Bb2 28. Re1 Qc8 29. Kd1 h6 30. Nd6 Qd7 31. Re8+ Kh7 32. Bxf5+ Qxf5 33. Nxf5 Kg6 34. Re6+ Kxf5 35. Re2 Bc3 36. Ne3+ Kf6 37. Kc2 h5 38. Kd3 h4 39. Nd5+ Kf5 40. Nxc3 hxg3 41. hxg3 g5 42. g4+ Kxg4 43. b5 gxf4 44. b6 f3 45. Ne4 fxe2 46. Kxe2 Kf4 47. Kd3 1-0


[Site "https://www.chess.com"]

[Event "Titled Tuesday Blitz April 18 Late 2023"]
[White "Stanisz, Patryk"]
[Black "Rosen, Eric"]
[WhiteFideId "1123106"]
[BlackFideId "2032562"]
[WhiteElo "2069"]
[BlackElo "2331"]
[Result "0-1"]
[Round "01"]
[TimeControl "180+2"]
[Date "2023.04.18"]
[WhiteClock "0:00:02"]
[BlackClock "0:00:34"]

1. d4 d5 2. c4 e6 3. Nc3 Nf6 4. Nf3 Nbd7 5. cxd5 exd5 6. Bf4 Bb4 7. Qb3 c5 8. dxc5 Qa5 9. Bd2 Nxc5 10. Qc2 Nfe4 11. e3 Bf5 12. Nh4 Nxc3 13. Nxf5 N3e4 14. Bxb4 Qxb4+ 15. Ke2 O-O 16. f3 Nf6 17. Kf2 Rfe8 18. a3 Qb6 19. b4 Ne6 20. Bd3 g6 21. Qb2 Nf4 22. Nh6+ Kg7 23. Rhd1 Qxe3+ 24. Kf1 Nxd3 0-1


[Site "https://www.chess.com"]

[Event "Titled Tuesday Blitz April 18 Late 2023"]
[White "Klenburg, Michael"]
[Black "Sailer, Mike"]
[WhiteFideId "14102072"]
[BlackFideId "2012901"]
[WhiteElo "2396"]
[BlackElo "2109"]
[Result "0-1"]
[Round "01"]
[TimeControl "180+2"]
[Date "2023.04.18"]
[WhiteClock "0:00:08"]
[BlackClock "0:00:09"]

1. e4 d5 2. exd5 Qxd5 3. Nc3 Qd6 4. d4 Nf6 5. Nf3 c6 6. Ne5 Nbd7 7. Nc4 Qc7 8. Qf3 Nb6 9. Ne5 Be6 10. Bf4 Qd8 11. O-O-O g6 12. h3 Bg7 13. Kb1 h5 14. Qe2 Nbd5 15. Bd2 Nxc3+ 16. Bxc3 Nd5 17. Bd2 Qb6 18. c3 O-O-O 19. Nc4 Qc7 20. Ka1 Bh6 21. Bxh6 Rxh6 22. Qe1 h4 23. Bd3 Qf4 24. Ne5 f6 25. Nf3 Bf5 26. Bxf5+ Qxf5 27. Qd2 Nf4 28. Rhe1 Rh7 29. Rg1 g5 30. Ne1 e5 31. Nc2 Ne6 32. Qe3 Re7 33. Qe2 exd4 34. Qd2 Red7 35. Rge1 dxc3 36. Qxc3 Rxd1+ 0-1


[Site "https://www.chess.com"]

[Event "Titled Tuesday Blitz April 18 Late 2023"]
[White "mestrefeitosa19"]
[Black "Principe, Alexander"]
[BlackFideId "3804542"]
[WhiteElo "2186"]
[BlackElo "2203"]
[Result "1-0"]
[Round "01"]
[TimeControl "180+2"]
[Date "2023.04.18"]
[WhiteClock "0:00:04"]
[BlackClock "0:00:28"]

1. c4 Nf6 2. Nc3 g6 3. e4 d6 4. Nf3 Bg7 5. Be2 O-O 6. O-O c5 7. d4 cxd4 8. Nxd4 Nc6 9. Be3 Qa5 10. a3 Bd7 11. b4 Qd8 12. Rc1 Rc8 13. Qd3 Ne5 14. Qb1 Nxc4 15. Bxc4 Rxc4 16. Qb3 Rc8 17. f3 a6 18. a4 e6 19. b5 a5 20. b6 Qe7 21. Ndb5 Bxb5 22. Nxb5 Nd7 23. Rc7 Rxc7 24. bxc7 Rc8 25. Rc1 Nc5 26. Qd1 b6 27. Qd2 Rxc7 28. Nxc7 Qxc7 29. Bxc5 dxc5 30. Rd1 Bd4+ 31. Kh1 e5 32. Rb1 c4 33. Qc2 c3 34. Rb5 Qc4 35. h3 Qf1+ 36. Kh2 Bf2 37. Rb1 Be1 38. Qc1 Qd3 39. Qxe1 c2 40. Rc1 h5 41. Qf2 Kg7 42. Qxc2 Qxf3 43. gxf3 h4 44. Qc6 g5 45. Qd5 f6 46. Qe6 1-0


[Site "https://www.chess.com"]

[Event "Titled Tuesday Blitz April 18 Late 2023"]
[White "Zarnicki, Pablo"]
[Black "Dubreuil, Julien"]
[WhiteFideId "100137"]
[BlackFideId "621285"]
[WhiteElo "2468"]
[BlackElo "2182"]
[Result "0-1"]
[Round "01"]
[TimeControl "180+2"]
[Date "2023.04.18"]
[WhiteClock "0:00:07"]
[BlackClock "0:00:17"]

1. e4 e5 2. Nf3 Nc6 3. Nc3 Nf6 4. a3 d5 5. Bb5 Nxe4 6. Qe2 Nxc3 7. Qxe5+ Qe7 8. Qxe7+ Bxe7 9. dxc3 O-O 10. Bf4 Bd8 11. O-O-O Be6 12. Ng5 a6 13. Bd3 h6 14. Nxe6 fxe6 15. Bg3 Bg5+ 16. Kb1 Bf4 17. f3 Bxg3 18. hxg3 e5 19. c4 d4 20. Rhe1 Rae8 21. Be4 Nd8 22. Re2 c6 23. Rde1 Rf6 24. Bd3 Nf7 25. f4 Rfe6 26. c5 R6e7 27. Bc4 Kf8 28. Bxf7 Kxf7 29. fxe5 Ke6 30. c4 dxc3 31. b4 Kd5 32. Rd1+ Kc4 33. Rde1 Kb3 34. Re3 a5 35. bxa5 Kxa3 36. Kc2 Kb4 37. Re4+ Kxc5 38. Kxc3 Kd5 39. Rd4+ Kc5 40. Rc4+ Kb5 41. Rb1+ Kxa5 42. Rc5+ Ka6 43. Rc4 Rxe5 44. Ra4+ Ra5 45. Rab4 b5 46. Kd4 Kb6 47. R4b2 Ra4+ 48. Kd3 Rc4 49. Ra1 Rc5 50. Rba2 Rd5+ 51. Kc3 Re4 52. Ra6+ Kc5 53. Ra8 Rc4+ 54. Kb3 Rd3+ 55. Kb2 Rxg3 56. Re8 Rxg2+ 57. Kb3 Rg3+ 58. Kb2 Kb4 59. Re2 c5 60. Rb1 Rb3+ 61. Ka2 Rxb1 62. Kxb1 Rc3 63. Ka2 Ra3+ 64. Kb2 Rb3+ 65. Kc2 c4 66. Re4 Ra3 67. Re7 Ra2+ 68. Kb1 Rg2 69. Rf7 Kb3 70. Rf3+ c3 71. Rf1 Rb2+ 72. Ka1 Ra2+ 73. Kb1 c2+ 74. Kc1 Ra1+ 75. Kd2 Rxf1 0-1


[Site "https://www.chess.com"]

[Event "Titled Tuesday Blitz April 18 Late 2023"]
[White "Dahlgren, James Allen"]
[Black "Osmak, Yuliia"]
[WhiteFideId "22256873"]
[BlackFideId "14101602"]
[WhiteElo "2176"]
[BlackElo "2291"]
[Result "0-1"]
[Round "01"]
[TimeControl "180+2"]
[Date "2023.04.18"]
[WhiteClock "0:01:29"]
[BlackClock "0:02:07"]

1. e3 d5 2. c4 c6 3. Nc3 Nf6 4. d4 Bg4 5. Nf3 e6 6. Be2 Nbd7 7. O-O Bd6 8. h3 Bh5 9. c5 Bc7 10. b4 O-O 11. b5 e5 12. a4 e4 13. Nh2 Bxe2 14. Qxe2 Qe7 15. a5 a6 16. b6 Bxh2+ 17. Kxh2 Ne8 18. f4 exf3 19. gxf3 f5 20. e4 fxe4 21. fxe4 Rxf1 22. Qxf1 dxe4 23. Qc4+ Kh8 24. Bf4 Nef6 25. Re1 Re8 26. d5 cxd5 27. Nxd5 Nxd5 28. Qxd5 Qxc5 29. Rxe4 Qf2+ 30. Kh1 Qf3+ 0-1


[Site "https://www.chess.com"]

[Event "Titled Tuesday Blitz April 18 Late 2023"]
[White "Omranalhosani21"]
[Black "Schmidt, Harald"]
[BlackFideId "4648358"]
[WhiteElo "2562"]
[BlackElo "2173"]
[Result "1-0"]
[Round "01"]
[TimeControl "180+2"]
[Date "2023.04.18"]
[WhiteClock "0:01:39"]
[BlackClock "0:01:16"]

1. d4 Nf6 2. Nf3 g6 3. g3 Bg7 4. Bg2 O-O 5. O-O c5 6. d5 b5 7. c4 bxc4 8. Nc3 Bb7 9. e4 d6 10. Nd2 Nfd7 11. Re1 Nb6 12. Bf1 e6 13. Nxc4 exd5 14. Nxd5 Bxd5 15. exd5 Nxc4 16. Bxc4 Nd7 17. Bf1 Rb8 18. Rb1 Ne5 19. Bg2 Qa5 20. a3 Rfe8 21. Bd2 Qb5 22. Bc3 Qb3 23. Qxb3 Rxb3 24. f4 Nf3+ 25. Bxf3 Rxe1+ 26. Rxe1 Bxc3 27. bxc3 Rxc3 28. Kg2 Rxa3 29. Re8+ Kg7 30. Rd8 c4 31. Rxd6 Rd3 32. Rc6 c3 33. Kf2 a5 34. Be4 Rd2+ 35. Ke3 f5 36. Bd3 a4 37. Rxc3 Rxh2 38. d6 Kf6 39. Bc4 Rg2 40. Kd4 Rd2+ 41. Rd3 Rxd3+ 42. Kxd3 h6 43. Kd4 g5 44. Kc5 gxf4 45. gxf4 h5 46. Kc6 h4 47. d7 1-0


[Site "https://www.chess.com"]

[Event "Titled Tuesday Blitz April 18 Late 2023"]
[White "Florianovitz, Derlei Alex"]
[Black "Moral Garcia, Serafin"]
[WhiteFideId "2114178"]
[BlackFideId "2201925"]
[WhiteElo "1953"]
[BlackElo "2274"]
[Result "1-0"]
[Round "01"]
[TimeControl "180+2"]
[Date "2023.04.18"]
[WhiteClock "0:00:58"]
[BlackClock "0:01:14"]

1. e4 c5 2. Nf3 e6 3. d4 cxd4 4. Nxd4 Nc6 5. Nc3 Qc7 6. a3 a6 7. Be3 Nf6 8. Bd3 b5 9. O-O Ne5 10. h3 Bc5 11. Qe2 O-O 12. Nb3 Bxe3 13. Qxe3 d6 14. f4 Nc4 15. Bxc4 Qxc4 16. Rad1 Bb7 17. e5 dxe5 18. fxe5 Nd5 19. Nxd5 Bxd5 20. Rf2 Rac8 21. Rd4 Qc6 22. Rg4 h5 23. Rxg7+ Kxg7 24. Qg5+ Kh7 25. Qxh5+ Kg7 26. Qg5+ Kh7 27. Rf4 Qc4 28. Nd4 1-0


[Site "https://www.chess.com"]

[Event "Titled Tuesday Blitz April 18 Late 2023"]
[White "Bayramov, Zaur"]
[Black "mjelcic"]
[WhiteFideId "13405080"]
[WhiteElo "2195"]
[BlackElo "2159"]
[Result "1-0"]
[Round "01"]
[TimeControl "180+2"]
[Date "2023.04.18"]
[WhiteClock "0:00:49"]
[BlackClock "0:00:09"]

1. e4 c5 2. Nf3 g6 3. h4 h5 4. Nc3 Nc6 5. Bc4 Bg7 6. d3 e6 7. Bg5 Nge7 8. Qd2 a6 9. a4 b6 10. Qf4 O-O 11. Bf6 d6 12. Bxg7 Kxg7 13. g4 e5 14. Qe3 Bxg4 15. Nh2 Nd4 16. Qd2 Qd7 17. Nd1 b5 18. Ba2 f5 19. Rg1 fxe4 20. dxe4 Rf4 21. Ne3 Raf8 22. Nexg4 hxg4 23. f3 gxf3 24. O-O-O Ne2+ 25. Kb1 Nxg1 26. Rxg1 f2 27. Rf1 Qh3 28. Qxd6 Rxe4 29. Qxe7+ Kh6 30. Qxf8+ Kh5 31. Qh8# 1-0


[Site "https://www.chess.com"]

[Event "Titled Tuesday Blitz April 18 Late 2023"]
[White "Atanasov, Radislav"]
[Black "Bruedigam, Martin"]
[WhiteFideId "2901471"]
[BlackFideId "24608033"]
[WhiteElo "2077"]
[BlackElo "2331"]
[Result "1/2-1/2"]
[Round "01"]
[TimeControl "180+2"]
[Date "2023.04.18"]
[WhiteClock "0:00:07"]
[BlackClock "0:01:10"]

1. e4 c6 2. d4 d5 3. exd5 cxd5 4. c4 Nf6 5. Nc3 e6 6. Nf3 Be7 7. Bd3 dxc4 8. Bxc4 O-O 9. a3 b6 10. O-O Bb7 11. Re1 Nd5 12. Qd3 Nxc3 13. bxc3 Nc6 14. Ba2 Bf6 15. Bb1 g6 16. Bh6 Re8 17. Bc2 Rc8 18. Rad1 Qd6 19. h4 Qxa3 20. h5 Qa6 21. Qe3 Qb5 22. hxg6 hxg6 23. d5 Ne5 24. Nxe5 exd5 25. Qg3 Bxe5 26. Rxe5 Qc6 27. Rde1 Rxe5 28. Rxe5 Qxc3 29. Re8+ Kh7 30. Bxg6+ Kxh6 31. Qf4+ Kxg6 32. Qg4+ Kf6 33. Qf4+ Kg7 34. Qg5+ Kh7 35. Qf5+ Kg7 36. Qg5+ Kh7 37. Qh5+ Kg7 38. Qg5+ 1/2-1/2


[Site "https://www.chess.com"]

[Event "Titled Tuesday Blitz April 18 Late 2023"]
[White "Ahn, Hongjin"]
[Black "Vanek, Tomas"]
[WhiteFideId "13201492"]
[BlackFideId "313459"]
[WhiteElo "2182"]
[BlackElo "2052"]
[Result "1-0"]
[Round "01"]
[TimeControl "180+2"]
[Date "2023.04.18"]
[WhiteClock "0:01:50"]
[BlackClock "0:00:20"]

1. e4 c5 2. Nc3 Nc6 3. g3 g6 4. Bg2 Bg7 5. d3 e6 6. Nge2 Nge7 7. O-O d5 8. f4 d4 9. Nb1 e5 10. Nd2 Be6 11. Nc4 b5 12. Nxe5 Nxe5 13. fxe5 Qd7 14. Bg5 Bxe5 15. Bf6 Bxf6 16. Rxf6 O-O 17. Qd2 Kg7 18. Raf1 Rad8 19. Nf4 Ng8 20. Nxe6+ fxe6 21. Rxf8 Rxf8 22. Rxf8 Kxf8 23. Qf4+ Kg7 24. Bh3 Nf6 25. Qe5 Kf7 26. Qxc5 h6 27. e5 Nd5 28. Bg2 Ne3 29. Bc6 Qc7 30. Be8+ Kg7 31. Qxc7+ 1-0


[Site "https://www.chess.com"]

[Event "Titled Tuesday Blitz April 18 Late 2023"]
[White "Tarnowska, Aleksandra"]
[Black "Fiorito, Francisco"]
[WhiteFideId "1180967"]
[BlackFideId "180165"]
[WhiteElo "1776"]
[BlackElo "2341"]
[Result "0-1"]
[Round "01"]
[TimeControl "180+2"]
[Date "2023.04.18"]
[WhiteClock "0:00:02"]
[BlackClock "0:00:55"]

1. e4 c5 2. Nf3 Nc6 3. Bb5 g6 4. O-O Bg7 5. c3 Nf6 6. e5 Nd5 7. d4 cxd4 8. cxd4 O-O 9. Bc4 Nb6 10. Bb3 d5 11. Nc3 Bg4 12. Be3 Rc8 13. h3 Bxf3 14. Qxf3 e6 15. Nb5 a6 16. Nd6 Rc7 17. Rac1 f6 18. Nxb7 Rxb7 19. Rxc6 fxe5 20. Qg4 exd4 21. Qxe6+ Kh8 22. Rd6 Qb8 23. Bg5 Re8 24. Rxb6 Rxb6 25. Qxd5 Re5 26. Bf4 Rxd5 27. Bxb8 Rd7 28. Bf4 d3 29. Re1 Bxb2 30. Bh6 Rb8 31. Rd1 Bg7 32. Bg5 h6 33. Bf4 Rf8 34. g3 g5 35. Be3 Kh7 36. Bc4 Rfd8 37. Bxa6 Rd6 38. Bc4 Bc3 39. Bb3 d2 40. Kg2 Rf6 41. Bc2+ Kg7 42. h4 gxh4 43. gxh4 Rd7 44. Kh3 Rf3+ 45. Kh2 Re7 46. Rg1+ Kh8 47. Rg6 Rfxe3 48. fxe3 Rxe3 49. Rxh6+ Kg7 50. Rd6 Kf7 51. Rd3 Be5+ 52. Kg1 Re1+ 53. Kf2 Bf4 54. Bb3+ Kf6 55. Kf3 Bh6 56. Rd6+ Kg7 57. Rd3 Rh1 58. Kg4 Rf1 59. Rd7+ Kf8 60. Rd8+ Ke7 61. Rd5 Be3 62. h5 Kf6 63. Rd6+ Kg7 64. Rd8 Rg1+ 65. Kf3 Bg5 66. Rd7+ Kh6 67. Rd8 Bxd8 0-1


[Site "https://www.chess.com"]

[Event "Titled Tuesday Blitz April 18 Late 2023"]
[White "Bilan, Danila"]
[Black "Vargas Rodriguez, Wilver"]
[WhiteFideId "24161918"]
[BlackFideId "3509672"]
[WhiteElo "2182"]
[BlackElo "2224"]
[Result "1-0"]
[Round "01"]
[TimeControl "180+2"]
[Date "2023.04.18"]
[WhiteClock "0:00:36"]
[BlackClock "0:00:02"]

1. d4 e6 2. Nf3 f5 3. g3 Nf6 4. Bg2 d5 5. c4 c6 6. Nc3 Be7 7. O-O O-O 8. Bf4 Bd7 9. Ne5 Be8 10. Qc2 Nbd7 11. cxd5 Nxe5 12. d6 Ng6 13. dxe7 Qxe7 14. Bg5 Rd8 15. Rad1 h6 16. Bc1 Bf7 17. e4 Nxe4 18. Nxe4 fxe4 19. Bxe4 Qf6 20. b3 Ne7 21. Ba3 Rd7 22. Qc5 Rfd8 23. Qxa7 Nd5 24. Qc5 1-0


[Site "https://www.chess.com"]

[Event "Titled Tuesday Blitz April 18 Late 2023"]
[White "Oliveira, Tiago Batista"]
[Black "Cremisi, Daniel"]
[WhiteFideId "2108291"]
[BlackFideId "2089882"]
[WhiteElo "1962"]
[BlackElo "2172"]
[Result "0-1"]
[Round "01"]
[TimeControl "180+2"]
[Date "2023.04.18"]
[WhiteClock "0:00:53"]
[BlackClock "0:02:33"]

1. d4 Nf6 2. c4 g6 3. Nc3 d5 4. cxd5 Nxd5 5. e4 Nxc3 6. bxc3 Bg7 7. Be3 c5 8. Rc1 Qa5 9. Qd2 O-O 10. d5 e6 11. c4 Qxd2+ 12. Kxd2 exd5 13. cxd5 b6 14. f4 Bb7 15. Bc4 Re8 16. e5 Bxd5 17. Bxd5 Rd8 18. Nf3 Rxd5+ 19. Ke2 Nc6 20. a3 Rad8 21. Rc3 f6 22. exf6 Bxf6 23. Rb3 c4 24. Rbb1 Rd3 25. Rhc1 Re8 0-1


[Site "https://www.chess.com"]

[Event "Titled Tuesday Blitz April 18 Late 2023"]
[White "tufferguy"]
[Black "Barria Santos, Jose Guilherme"]
[BlackFideId "1939300"]
[WhiteElo "2550"]
[BlackElo "2266"]
[Result "1-0"]
[Round "01"]
[TimeControl "180+2"]
[Date "2023.04.18"]
[WhiteClock "0:01:55"]
[BlackClock "0:01:22"]

1. b3 e5 2. Bb2 Nc6 3. e3 d5 4. Bb5 Bd6 5. Nf3 Qe7 6. d4 e4 7. Ne5 Bd7 8. Nxd7 Qxd7 9. c4 a6 10. Ba4 Nf6 11. Nc3 Bb4 12. O-O Bxc3 13. Bxc3 O-O 14. Rc1 Rab8 15. Bxc6 bxc6 16. Ba5 Qd6 17. Qd2 Nd7 18. cxd5 Qxd5 19. Bxc7 Rbc8 20. Bg3 f5 21. Qc2 g5 22. Be5 Nxe5 23. dxe5 Qxe5 24. Qc4+ Kh8 25. Rfd1 Rfd8 26. Rxd8+ Rxd8 27. Qxc6 Qb2 28. h3 Qxa2 29. Qf6+ 1-0


[Site "https://www.chess.com"]

[Event "Titled Tuesday Blitz April 18 Late 2023"]
[White "Mihajlovskij"]
[Black "Sanchez Alvares, Kelvin Antonio"]
[BlackFideId "3906680"]
[WhiteElo "2121"]
[BlackElo "2217"]
[Result "0-1"]
[Round "01"]
[TimeControl "180+2"]
[Date "2023.04.18"]
[WhiteClock "0:00:11"]
[BlackClock "0:00:16"]

1. e4 e5 2. d4 exd4 3. Qxd4 Nc6 4. Qe3 Nf6 5. Be2 Bb4+ 6. c3 Ba5 7. e5 Bb6 8. Qg3 Ne4 9. Qxg7 Bxf2+ 10. Kf1 Rf8 11. Bh6 Bc5 12. b4 Be7 13. Bf3 d5 14. Qxh7 Ng5 15. Qc2 Rh8 16. Bxg5 Bxg5 17. Nd2 Be6 18. Re1 Bf4 19. g3 Bh6 20. a4 Qg5 21. Re2 Nxe5 22. Bg2 O-O-O 23. Ngf3 Nxf3 24. Nxf3 Qf6 25. Kf2 Bf5 26. Qd1 Be4 27. Qd4 Bg7 28. Qxa7 Qxc3 29. Rhe1 Rxh2 30. Rxe4 Rxg2+ 31. Kxg2 dxe4 32. Qa8+ Kd7 33. Rd1+ Kc6 34. b5+ Kb6 35. a5+ Qxa5 36. Qxd8 exf3+ 37. Kxf3 Qc3+ 38. Rd3 Qf6+ 39. Kg2 Qe6 40. Rd2 Be5 41. Qd3 Bd6 42. Re2 Qf6 43. Qe3+ Kxb5 44. Qe8+ Kb6 45. Qe4 Qc3 46. Re3 Qc6 47. Qxc6+ Kxc6 48. Kf3 b5 49. g4 Kd5 50. Rd3+ Kc4 51. Re3 b4 52. Ke4 b3 53. Re2 f6 54. Kf5 Be5 55. g5 fxg5 56. Rxe5 b2 57. Re1 Kb3 58. Kxg5 c5 59. Kf4 c4 60. Ke3 c3 61. Kd3 c2 62. Re8 b1=Q 63. Rb8+ Ka2 64. Ra8+ Kb2 65. Rb8+ Kc1 66. Rxb1+ cxb1=Q+ 0-1


[Site "https://www.chess.com"]

[Event "Titled Tuesday Blitz April 18 Late 2023"]
[White "Salik, Serkan"]
[Black "Chemin, Justo Reinaldo"]
[WhiteFideId "30952492"]
[BlackFideId "2101580"]
[WhiteElo "2545"]
[BlackElo "1940"]
[Result "1-0"]
[Round "01"]
[TimeControl "180+2"]
[Date "2023.04.18"]
[WhiteClock "0:01:19"]
[BlackClock "0:01:05"]

1. d4 e6 2. c4 d5 3. Nc3 c6 4. Nf3 dxc4 5. a4 Bb4 6. e4 b5 7. Be2 Nf6 8. e5 Ne4 9. Qc2 Nxc3 10. bxc3 Be7 11. h4 a6 12. h5 h6 13. Qe4 Qd5 14. Qg4 Kf8 15. Nd2 Bb7 16. Bf3 Qd8 17. Rh3 Qc7 18. Rg3 Rg8 19. Ne4 Nd7 20. Bxh6 c5 21. Bxg7+ Ke8 22. h6 Nf8 23. Qf4 cxd4 24. Qxf7+ Kxf7 25. Bh5+ 1-0


[Site "https://www.chess.com"]

[Event "Titled Tuesday Blitz April 18 Late 2023"]
[White "Torres Dominguez, David"]
[Black "koncheto"]
[WhiteFideId "2220857"]
[WhiteElo "1999"]
[BlackElo "2541"]
[Result "0-1"]
[Round "01"]
[TimeControl "180+2"]
[Date "2023.04.18"]
[WhiteClock "0:00:02"]
[BlackClock "0:00:06"]

1. e4 c5 2. Nc3 Nc6 3. Bb5 Nd4 4. Bc4 g6 5. Nf3 Bg7 6. Nxd4 cxd4 7. Qf3 Nh6 8. Ne2 O-O 9. d3 e6 10. O-O f5 11. Qg3 Nf7 12. exf5 exf5 13. Bg5 Qa5 14. Be7 Re8 15. Qd6 Be5 16. Qb4 Qxb4 17. Bxb4 b6 18. Bd5 Rb8 19. f4 Bg7 20. Rae1 Bb7 21. Bc4 d5 22. Bb5 Re3 23. Bd2 Re7 24. Ba4 a6 25. Bb3 Rbe8 26. Kf2 Bf6 27. g3 Kg7 28. Ba4 Rc8 29. Bb3 h5 30. c3 dxc3 31. bxc3 h4 32. Nd4 hxg3+ 33. hxg3 Rce8 34. Rxe7 Rxe7 35. Re1 Nh6 36. Kf3 Rxe1 37. Bxe1 Kf7 38. Nc2 Ng4 39. Ne3 Nxe3 40. Kxe3 Ke7 41. Kd2 Kd6 42. Bf2 b5 43. Bd1 a5 44. g4 b4 45. cxb4 axb4 46. gxf5 gxf5 47. d4 Bd8 48. Kc2 Ke6 49. Kb3 Be7 50. Be1 Bd6 51. Bd2 Ba6 52. Bxb4 Bc4+ 53. Ka3 Bxf4 54. Bb3 Bb5 55. Be1 Bc1+ 56. Kb4 Be2 57. Kc3 f4 58. Bd2 Bxd2+ 59. Kxd2 Bc4 60. Bd1 Bxa2 61. Bf3 Kf5 62. Ke2 Bc4+ 63. Kf2 Kf6 64. Bg4 Kg5 65. Be6 Kf6 66. Bd7 Bd3 67. Kf3 Kg5 68. Be6 Be4+ 69. Kf2 Kf6 70. Bd7 Ke7 71. Bg4 Kd6 72. Bh5 Kc6 73. Bf3 Kb5 74. Be2+ Kb4 0-1


[Site "https://www.chess.com"]

[Event "Titled Tuesday Blitz April 18 Late 2023"]
[White "angelgab3"]
[Black "Manfroi, Alexander Giannini"]
[BlackFideId "22739335"]
[WhiteElo "2537"]
[BlackElo "1618"]
[Result "1-0"]
[Round "01"]
[TimeControl "180+2"]
[Date "2023.04.18"]
[WhiteClock "0:01:51"]
[BlackClock "0:00:49"]

1. e4 c5 2. Nf3 Nc6 3. d4 cxd4 4. Nxd4 e5 5. Nb5 a6 6. Nd6+ Bxd6 7. Qxd6 Qf6 8. Qxf6 Nxf6 9. f3 d5 10. exd5 Nxd5 11. Bc4 Be6 12. O-O O-O-O 13. c3 Rhe8 14. Re1 f6 15. Na3 b5 16. Bb3 b4 17. cxb4 Ndxb4 18. Bxe6+ Rxe6 19. Be3 Nd3 20. Re2 Red6 21. Nc4 Rd4 22. Bxd4 Nxd4 23. Rd2 Nf4 24. Kf2 Kb7 25. Rc1 h5 26. g3 Nh3+ 27. Kg2 Ng5 28. Rc3 Nge6 29. Ne3 g6 30. Nc2 Nb5 31. Rxd8 Nxd8 32. Rd3 Ne6 33. Rd7+ Kc6 34. Rf7 f5 35. Rf6 Kd5 36. Ne3+ Kd4 37. Rxg6 Kxe3 38. Rxe6 e4 39. fxe4 fxe4 40. Rxa6 Nd4 41. Ra3+ Ke2 42. Ra4 Kd3 43. Rxd4+ Kxd4 44. Kf2 Kd3 45. Ke1 Ke3 46. a4 Kf3 47. a5 Kg2 48. a6 Kxh2 49. a7 h4 50. a8=Q hxg3 51. Qxe4 g2 52. Qh4+ Kg1 53. Kd2 Kf1 54. Qf4+ Kg1 55. Ke3 Kh1 56. Qh4+ Kg1 57. Kf3 Kf1 58. Qf2# 1-0


[Site "https://www.chess.com"]